cohdb
Replays
Latest Replays
All Replays
Popular Replays
Top Player Replays
Match Explorer
How It Works
Community
CoH3 Stats
Reddit
Sign in to upload your games and track your stats! →
Sign in with Steam
Match 47298163
Unlisted
Match 47298163
Overview
Messages
Build Orders
End
Construct Section Command Post
Dingo Light Scout Car
Dingo Light Scout Car
Selects Australian Defense Battlegroup
Selects Australian Light Infantry Section
Construct Platoon Command Post
Selects Defensive Tactics
Unlock M3 Stuart Light Tanks
M3 Stuart Light Tank
6-pounder Anti-tank Gun Team
6-pounder Anti-tank Gun Team
M3 Stuart Light Tank
Selects CMP 15cwt Supply Run
CMP 15cwt Supply Run
M3 Stuart Light Tank
STFU & GFY 凸( ̄皿 ̄)凸
everSNK
Sergei_W40k
好多鱼@
Dragoness
【嗜血狼族】灵狐魅儿
Mother Teresa
飞行的猫先森
0
0
Comments
sign in to comment!
No comments posted yet!